Map: Lightshade LE

Players

llllllllllll

  • Race: Protoss Protoss
  • League: Grandmaster

XDthermyDX (uThermal) - Winner!

  • Race: Terran Terran
  • League: Grandmaster

VOD

Have the link to the VOD?

Description

Time

  • Played on: Sept. 26, 2021, 10:15 a.m.
  • Length: 8:10
Show
View Real Time Build Order
Export as new Build Order

llllllllllll Protoss 

Build Orders: 1 Gate Expand, Zealot Archon 

Get SALT Encoding   

  12  0:00  Probe  
  13  0:12  Probe  
  14  0:19  Pylon  
  14  0:24  Probe (Chrono Boost)  
  15  0:37  Probe (Chrono Boost)  
  15  0:40  Gateway  
  16  0:46  Probe (Chrono Boost), Assimilator  
  17  0:51  Probe  
  18  1:03  Probe  
  19  1:15  Probe  
  20  1:26  Cybernetics Core  
  20  1:33  Nexus  
  20  1:35  Probe  
  21  1:42  Pylon  
  21  1:47  Assimilator  
  21  1:49  Probe  
  22  2:00  Warp Gate (Chrono Boost), Adept (Chrono Boost)  
  22  2:02  Probe  
  25  2:14  Probe  
  26  2:20  Stalker (Chrono Boost)  
  26  2:26  Probe  
  29  2:36  Gateway  
  29  2:38  Probe  
  30  2:44  Stalker  
  30  2:48  Robotics Facility  
  32  2:51  Probe  
  32  2:54  Probe  
  33  3:02  Twilight Council  
  33  3:05  Probe  
  33  3:08  Probe  
  35  3:15  Gateway  
  35  3:23  Probe x2  
  33  3:35  Probe (Chrono Boost)  
  33  3:40  Probe (Chrono Boost)  
  33  3:41  Stalker x2, Observer  
  36  3:46  Pylon  
  36  3:47  Probe (Chrono Boost)  
  42  3:50  Probe (Chrono Boost)  
  43  3:56  Probe (Chrono Boost)  
  43  3:58  Probe (Chrono Boost)  
  43  4:01  Blink (Chrono Boost)  
  45  4:03  Probe (Chrono Boost)  
  45  4:04  Probe  
  46  4:13  Pylon  
  46  4:16  Probe (Chrono Boost)  
  48  4:17  Probe (Chrono Boost)  
  48  4:29  Probe (Chrono Boost)  
  48  4:31  Probe (Chrono Boost)  
  48  4:37  Probe  
  47  4:39  Probe  
  47  4:40  Nexus  
  47  4:44  Pylon  
  48  4:50  Stalker  
  48  4:51  Probe (Chrono Boost)  
  48  4:52  Probe (Chrono Boost)  
  52  4:59  Forge  
  52  5:03  Probe (Chrono Boost)  
  52  5:04  Assimilator  
  52  5:05  Probe (Chrono Boost)  
  54  5:08  Probe (Chrono Boost)  
  54  5:09  Gateway  
  54  5:14  Pylon  
  55  5:15  Sentry  
  55  5:16  Probe  
  55  5:20  Probe  
  59  5:29  Probe (Chrono Boost)  
  59  5:30  Pylon  
  59  5:33  Protoss Ground Weapons Level 1 (Chrono Boost)  
  59  5:35  Gateway x2  
  61  5:38  Probe (Chrono Boost)  
  61  5:40  Probe (Chrono Boost), Shield Battery  
  62  5:45  Probe (Chrono Boost)  
  62  5:48  Observer  
  63  5:52  Probe, Observer  
  63  5:53  Gateway x2  
  63  5:54  Probe  
  65  5:57  Probe, Observer  
  65  6:02  Charge (Chrono Boost)  
  66  6:05  Probe  
  66  6:06  Probe  
  66  6:08  Templar Archives  
  66  6:09  Probe  
  69  6:15  Shield Battery  
  69  6:17  Probe  
  69  6:18  Observer  
  70  6:19  Probe  
  70  6:21  Probe  
  70  6:25  Photon Cannon  
  72  6:26  Psionic Storm  
  72  6:28  Zealot  
  72  6:29  Zealot x2  
  72  6:31  Pylon  
  72  6:32  Probe  
  80  6:37  Pylon  
  79  6:41  Immortal  
  79  6:43  Pylon  
  83  6:51  High Templar  
  83  6:53  High Templar  
  87  6:55  Zealot x3  
  87  6:57  Zealot  
  95  7:04  Pylon  
  95  7:08  Observer  
  95  7:09  Probe  
  95  7:11  Zealot  
  95  7:12  Assimilator  
  95  7:15  Gateway  
  98  7:17  Zealot x3, High Templar  
  106  7:30  Pylon  
  106  7:31  Warp Prism  
  106  7:35  High Templar  
  106  7:36  Zealot x2  
  114  7:39  Pylon  
  114  7:42  Archon  
  106  7:45  Zealot x3  
  106  7:47  Probe  
  106  7:48  Probe x2  
  113  7:56  Zealot x3  
Show
View Real Time Build Order
Export as new Build Order

XDthermyDX Terran - Winner!

Build Orders:  

Get SALT Encoding   

  12  0:00  SCV  
  13  0:12  SCV  
  14  0:16  Supply Depot  
  14  0:24  SCV  
  15  0:38  SCV  
  15  0:40  Barracks  
  16  0:43  Refinery  
  16  0:50  SCV  
  16  0:53  Refinery  
  17  1:02  SCV  
  18  1:14  SCV  
  19  1:29  Reaper, Orbital Command, Supply Depot  
  20  1:41  Factory  
  20  1:54  SCV  
  20  2:01  Reaper  
  22  2:06  SCV  
  23  2:18  SCV  
  23  2:22  Command Center  
  24  2:27  Hellion  
  26  2:30  SCV  
  26  2:34  Barracks Reactor  
  27  2:40  Starport  
  27  2:43  SCV  
  28  2:48  Supply Depot  
  30  2:51  Widow Mine  
  30  2:55  SCV  
  31  3:10  SCV  
  34  3:13  Widow Mine  
  34  3:22  Marine x2, Medivac  
  34  3:24  SCV  
  38  3:38  Factory Tech Lab  
  38  3:39  Marine  
  38  3:40  Orbital Command  
  38  3:41  SCV  
  39  3:42  Bunker  
  39  3:44  Marine  
  40  3:53  SCV  
  41  3:57  Marine  
  41  4:01  Raven  
  41  4:02  Barracks  
  44  4:03  Marine, Factory Tech Lab  
  44  4:05  SCV  
  44  4:06  SCV  
  47  4:14  Barracks  
  47  4:16  Marine  
  48  4:21  Marine  
  48  4:23  Siege Tank  
  52  4:27  Supply Depot  
  52  4:29  SCV  
  53  4:32  SCV  
  53  4:37  Marine  
  53  4:39  Marine  
  53  4:42  Supply Depot  
  54  4:48  SCV  
  54  4:49  SCV  
  54  4:51  Engineering Bay  
  56  4:54  Refinery  
  56  4:57  Marine  
  57  5:00  SCV  
  57  5:03  Stimpack  
  57  5:04  Marine, Marauder  
  57  5:05  SCV  
  62  5:08  Supply Depot  
  62  5:11  Marauder  
  62  5:12  SCV  
  65  5:17  SCV, Starport Reactor  
  65  5:18  Marine  
  67  5:21  Marine, Factory Reactor  
  67  5:23  Terran Infantry Weapons Level 1  
  67  5:24  SCV  
  67  5:25  Supply Depot  
  69  5:30  Marauder  
  69  5:31  SCV  
  69  5:34  Marauder  
  74  5:36  Marine  
  74  5:39  Marine  
  74  5:40  Supply Depot  
  74  5:41  Combat Shield  
  76  5:43  SCV  
  76  5:45  SCV  
  78  5:52  Marauder  
  78  5:55  Marauder  
  78  5:57  Marine x2, SCV  
  80  5:58  Supply Depot  
  80  5:59  SCV  
  80  6:01  Widow Mine  
  80  6:02  Widow Mine  
  88  6:08  Medivac, Supply Depot  
  90  6:11  SCV  
  90  6:12  SCV  
  90  6:13  Marine  
  90  6:16  Marine  
  94  6:19  Marine x2, Medivac  
  94  6:22  Supply Depot  
  98  6:28  Widow Mine x2  
  98  6:31  Marine  
  103  6:34  Marine  
  103  6:35  Supply Depot  
  103  6:37  Marine x2  
  103  6:39  Medivac  
  108  6:44  Supply Depot  
  108  6:49  Marine, Medivac  
  108  6:51  Widow Mine  
  108  6:52  Marine, Widow Mine  
  116  6:55  Marine x2, Supply Depot  
  118  7:02  Concussive Shells  
  118  7:07  Marauder  
  120  7:09  Marine  
  120  7:12  Widow Mine  
  123  7:18  Command Center  
  123  7:19  Medivac  
  123  7:22  Marine  
  126  7:26  Marine  
  126  7:28  Marauder  
  126  7:29  Marauder, Widow Mine  
  133  7:38  Medivac  
  133  7:43  SCV x2  
  135  7:45  Barracks  
  135  7:46  Marine  
  135  7:47  Supply Depot, Refinery  
  135  7:49  Barracks  
Tags
 
Add a new tag
Caveats
  • Supply blocks, unpowered buildings, or Contaminate may cause inaccurate times.
  • Supply counts are checked every 10 seconds.